 Dungeon Crawl Stone Soup version 0.20-b1-14-g8425815 (webtiles) character file.

35 turnburgler the Charmwright (level 3, -2/27 HPs)
             Began as a Demonspawn Skald on May 23, 2017.
             Killed by divine providence
             ... invoked by an orc priest
              (10 damage)
             ... on level 3 of the Dungeon.
             The game lasted 00:04:02 (1494 turns).

turnburgler the Charmwright (Demonspawn Skald)      Turns: 1494, Time: 00:04:02

Health: -2/27      AC:  5    Str: 11    XL:     3   Next: 16%
Magic:  5/6        EV: 12    Int: 15    God:
Gold:   27         SH:  0    Dex: 12    Spells: 5/6 levels left

rFire    . . .     SeeInvis .   a - +0 spear
rCold    . . .     Gourm    .   (no shield)
rNeg     . . .     Faith    .   b - +0 leather armour
rPois    .         Spirit   .   k - +0 helmet
rElec    .         Reflect  .   p - +0 cloak
rCorr    .         Harm     .   (no gloves)
MR       .....                  (no boots)
Stlth    +.........             (no amulet)
Regen    0.1/turn               (no ring)
MPRegen  0.1/turn               (no ring)

@: infused (expiring)
A: hooves 1
a: no special abilities


You were on level 3 of the Dungeon.
You were not hungry.

You visited 1 branch of the dungeon, and saw 3 of its levels.

You collected 27 gold pieces.

Inventory:

Hand Weapons
 a - a +0 spear (weapon)
 q - a +0 spear
 t - a +2 dagger of venom
Missiles
 l - 50 sling bullets
 m - 74 stones
 n - 17 bolts
 r - 3 javelins of returning (quivered)
Armour
 b - a +0 leather armour (worn)
 k - a +0 helmet (worn)
 p - a +0 cloak (worn)
Jewellery
 g - an uncursed ring of fire {unknown}
 j - an uncursed amulet of harm {unknown}
Scrolls
 e - 2 scrolls of teleportation {unknown}
 f - a scroll of amnesia {unknown}
 o - 2 scrolls of identify {unknown}
 v - a scroll of random uselessness {unknown}
Potions
 s - a potion of haste {unknown}
 u - 2 potions of flight {unknown}
 w - a potion of agility {unknown}
Books
 c - a book of Battle

   Spells                             Type                      Level
   a - Infusion                       Charms                       1
   b - Shroud of Golubria             Charms/Translocation         2
   c - Song of Slaying                Charms                       2
   d - Spectral Weapon                Hexes/Charms                 3
   e - Regeneration                   Charms/Necromancy            3
Comestibles
 d - a bread ration
 h - 3 fruits
 i - a royal jelly
 x - 2 chunks of flesh


   Skills:
 + Level 2.1 Fighting
 * Level 2.1 Polearms
 + Level 1.1 Armour
 * Level 2.2 Dodging
 + Level 2.2 Spellcasting
 + Level 3.0 Charms


You had 5 spell levels left.
You knew the following spells:

 Your Spells              Type           Power        Failure   Level  Hunger
a - Infusion              Chrm           ##..         9%          1    #......


Dungeon Overview and Level Annotations

Branches:
Dungeon (3/15)

Altars:
Uskayaw


Innate Abilities, Weirdness & Mutations

You have large cloven feet.


Message History

The orc wizard is in the way.
You barely miss the orc wizard.
The orc wizard is lightly wounded.
The orc wizard casts a spell at you. The puff of flame hits you!
Attack whom?
Press: ? - help, Dir - move target cursor, f/p - orc priest
Aim: an orc priest, wielding a club and wearing a scale mail The orc wizard is in the way.
You closely miss the orc wizard. Your kick misses the orc wizard.
The orc wizard is lightly wounded.
The orc priest calls upon Beogh to heal the orc wizard.
The orc wizard's wounds heal themselves!
The orc wizard hits you with a dagger of pain.
* * * LOW HITPOINT WARNING * * *
You hear a shout!
Okay, then.
Some of the chunks of flesh in your inventory have rotted away.
The orc priest mumbles some strange prayers to Beogh against you.
Beogh smites you!
You die...

..... .o. #o#
#.# #o# #.#
#.# ...
######.# ...#
#.@.ooo##...
#.######..#
#.# #...# #.#
#...#
#.####...##
#....'....###.
######........
+............#
######........


You could see an orc priest, an orc wizard and an orc.

Vanquished Creatures
  An adder (D:2)
  A worm (D:2)
  2 giant cockroaches
  3 hobgoblins
  4 bats
  A frilled lizard (D:1)
  4 goblins
  3 kobolds
  5 rats
24 creatures vanquished.

Notes
Turn   | Place    | Note
-------+----------+-------------------------------------------
     0 | D:1      | turnburgler the Demonspawn Skald began the quest for the Orb.
     0 | D:1      | Reached XP level 1. HP: 16/16 MP: 3/3
   477 | D:1      | Gained mutation: You have large cloven feet. [demonic ancestry]
   477 | D:1      | Reached XP level 2. HP: 14/22 MP: 5/5
   708 | D:2      | Found a hide-covered altar of Uskayaw.
   740 | D:2      | Reached skill level 1 in Armour
   765 | D:2      | Reached skill level 3 in Charms
  1221 | D:2      | Reached XP level 3. HP: 27/27 MP: 6/6
  1480 | D:3      | Noticed an orc warrior
  1494 | D:3      | Killed from afar by an orc priest

Skill      XL: |  1  2 |
---------------+-------+-----
Dodging        | 2 |  2.2
Armour         | 1 |  1.1
Polearms       | 2 |  2.1
Charms         | 3 |  3.0
Fighting       | |  2.1
Spellcasting   | |  2.2

Action                   || total
-------------------------++-------
Melee: Spear             ||    83
       Kick              ||    10
Throw: Stone             ||     1
       Javelin           ||     6
 Cast: Infusion          ||     1
  Eat: Chunk             ||     2
Armor: Leather armour    ||    13
Dodge: Dodged            ||    38
